[Event "St Maxime-02"]
[Site "St Maxime"]
[Date "1982.05.??"]
[Round "8"]
[White "Cvetkovic, Srdjan"]
[Black "Parma, Bruno"]
[Result "1/2-1/2"]
[ECO "E46"]
[WhiteElo "2425"]
[BlackElo "2500"]
[Annotator "Giffard,N"]
[PlyCount "86"]
[EventDate "1982.05.??"]
[EventType "tourn"]
[EventRounds "13"]
[EventCountry "FRA"]
[EventCategory "7"]
[SourceTitle "EXT 2018"]
[Source "ChessBase"]
[SourceDate "2017.10.13"]
[SourceVersion "1"]
[SourceVersionDate "2017.10.13"]
[SourceQuality "1"]
[TimeControl "40/9000:16/5400:0"]

1. c4 {La partie fut une lutte serée où le mince avantage blanc ne suffit
pas à gagner.} e6 2. d4 Nf6 3. Nc3 Bb4 4. e3 O-O 5. Nge2 d5 6. a3 Be7 7. cxd5
Nxd5 8. g3 Nxc3 9. Nxc3 c5 10. d5 (10. dxc5 Qxd1+ 11. Nxd1 Bxc5 12. Bg2 Be7 13.
b4 a5 14. b5 {1/2-1/2 (14) Szabo,L-Taimanov,M Reykjavik 1968}) 10... exd5 11.
Nxd5 Be6 12. Bg2 Nc6 13. O-O Bf6 14. Rb1 a5 $146 (14... Re8 15. b3 Bf5 16.
Nxf6+ Qxf6 17. Bb2 Qg6 18. Rc1 Rad8 19. Qf3 Be4 20. Qf4 Rd2 21. Bxe4 Rxe4 22.
Qc7 h5 23. Ba1 Re7 24. Qc8+ Rd8 25. Qh3 Rd5 26. Rfd1 Red7 27. Rxd5 Rxd5 28.
Qc8+ Rd8 29. Qh3 Qg4 30. Qxg4 hxg4 31. Kg2 Na5 32. Be5 Rd5 33. Bb8 Nxb3 34. Rc3
Nd2 35. Bxa7 c4 36. Bd4 b5 37. Rc1 f5 38. Rc2 Nf3 39. Rb2 Kf7 40. h3 Ne1+ 41.
Kh2 Nf3+ 42. Kg2 Ke6 43. Rb1 g6 44. Bc3 {De Lange,D-Fuchs,R Havana 1966 0-1 
(67)}) 15. b3 Bf5 16. Bb2 Bxb2 17. Rxb2 Ne7 18. Rd2 Nxd5 19. Bxd5 Qb6 20. Qf3
Be6 21. Rfd1 Bxd5 22. Qxd5 a4 23. bxa4 Rxa4 24. Rd3 Qa7 25. Rb3 b6 26. Qc6 Rxa3
27. Rxb6 Ra1 28. Rxa1 Qxa1+ 29. Kg2 Qa8 30. Qxa8 Rxa8 31. Rc6 h5 32. Rxc5 g6
33. h3 Kg7 34. f4 Ra2+ 35. Kf3 Rh2 36. h4 f5 37. e4 fxe4+ 38. Kxe4 Re2+ 39. Kf3
Ra2 40. f5 Ra3+ 41. Kf4 Ra4+ 42. Ke5 gxf5 43. Kxf5 Rg4 1/2-1/2

[Event "EU-ch 12th"]
[Site "Aix les Bains"]
[Date "2011.03.23"]
[Round "2"]
[White "Ivanisevic, Ivan"]
[Black "Wells, Peter K"]
[Result "1/2-1/2"]
[ECO "E46"]
[WhiteElo "2617"]
[BlackElo "2487"]
[Annotator "Marchand,A/Primel,D"]
[PlyCount "57"]
[EventDate "2011.03.22"]
[EventType "swiss"]
[EventRounds "11"]
[EventCountry "FRA"]
[SourceTitle "CBM 142 Extra"]
[Source "ChessBase"]
[SourceDate "2011.06.27"]
[SourceVersion "1"]
[SourceVersionDate "2011.06.27"]
[SourceQuality "1"]
[TimeControl "40/5400+30:1800+30"]

1. d4 Nf6 2. c4 e6 3. Nc3 Bb4 4. e3 O-O (4... c5) 5. Nge2 (5. Bd3 d5 6. Nf3 c5)
5... d5 (5... c6 {La dernière mode} 6. a3 Ba5 7. b4 Bc7 8. Ng3 d5 {Socko,M 
(2486)-Sukandar,I (2372) Khanty-Mansiysk ol (Women) 39th 2010 (7.12) 0-1}) 6.
a3 Be7 (6... Bd6 {L'alternative}) 7. cxd5 (7. Nf4 c6 8. Bd3 Nbd7 9. cxd5 exd5 (
9... Nxd5 10. e4 Nxf4 11. Bxf4 c5 12. d5 Nb6 13. O-O exd5 14. exd5 Bf6) 10. f3
Bd6 11. e4 dxe4 12. fxe4 c5 13. d5 (13. e5 $142 cxd4 14. exf6 dxc3 15. fxg7
Re8+ $13 {Timoshenko}) (13. Nb5 {Lautier,J (2450)-Timoshenko,G (2530) GMA op
Moscow 1989 (3) 0-1}) 13... Re8) 7... Nxd5 (7... exd5 {La grande ligne} 8. g3 (
8. b4)) 8. Bd2 $5 (8. Qc2) 8... Nd7 9. Qc2 (9. g3 {La grande ligne} b6 (9... c5
$142 10. Nxd5 exd5 11. Bg2 Nf6 {CEWN 69}) 10. Nxd5 exd5 11. Bg2 $14 {
Martinovic,S (2515)-Papp,G (2534) Mitropa Cup 29th 2010 (5) 1/2}) 9... N5f6 (
9... c5 $5 10. Nxd5 exd5 11. Nf4 cxd4 12. Nxd5 dxe3 13. Nxe3 Nf6 $11 {
Petrosian,T (2615)-Kortschnoj,V (2695) Candidates qf4 1980 (2) 1/2} (13... Nc5)
) 10. g3 $1 {[%csl Rb7,Rc8][%cal Gf1g2] Le développement du Bc8 pose problème}
c5 (10... e5 $1 {Semble plus simple pour développer le Bc8} 11. Bg2 exd4 12.
Nxd4 c5 13. Nf5 Ne5 14. Nxe7+ Qxe7 15. O-O Rd8 (
15... Be6)) 11. Bg2 cxd4 12. exd4 (12. Nxd4) 12... Nb6 13. O-O
Nbd5 $146 ({RR} 13... Bd7 14. Bxb7 Rb8 15. Bg2 Nc4 16. Rab1 Qb6 17. Bf4 Rbc8
18. Rfd1 Rfd8 19. h3 h6 20. g4 Bc6 21. d5 Nxd5 22. Bxd5 Bxd5 23. Nxd5 exd5 24.
Qf5 g6 25. Qd3 Bf8 26. Nc3 Nxb2 27. Qd2 Rxc3 28. Rxb2 {Martinovic,S (2378)
-Lenic,L (2517)/Nova Gorica 2007/CBM 116 ext/0-1 (47)}) 14. Nf4 Nxc3 (14...
Nxf4 15. Bxf4 Qxd4 16. Rfd1 Qb6 17. Be5 $44) 15. Bxc3 Bd6 16. Nd3 $1 Rb8 (16... Nd5) 17. Ne5 Nd5 18. Rfd1 Bd7 19. Be4 Nf6 20. d5 Bxe5 21.
Bxe5 Rc8 22. Bc3 exd5 23. Bxd5 Nxd5 24. Rxd5 Qe7 25. Qd3 Be6 26. Qd4 (26. Re1
$142 ) 26... Rxc3 27. bxc3 Bxd5 28. Qxd5 Rd8 29. Qf3 1/2-1/2

[Event "Metz op 31th"]
[Site "Metz"]
[Date "2013.04.25"]
[Round "9"]
[White "Manolache, Marius"]
[Black "Bellahcene, Bilel"]
[Result "1-0"]
[ECO "E46"]
[WhiteElo "2501"]
[BlackElo "2367"]
[Annotator "Metz Alekhine/Primel,D"]
[PlyCount "89"]
[EventDate "2013.04.20"]
[EventType "swiss"]
[EventRounds "9"]
[EventCountry "FRA"]
[SourceTitle "EXT 2016"]
[Source "ChessBase"]
[SourceDate "2015.10.08"]
[SourceVersion "1"]
[SourceVersionDate "2015.10.08"]
[SourceQuality "1"]
[TimeControl "40/5400:1800+30"]
[WhiteClock "1:30:00"]
[BlackClock "1:30:00"]

1. d4 Nf6 {86} 2. c4 e6 3. Nc3 Bb4 4. e3 O-O 5. Nge2 (5. Bd3) 5... d5 (5... Re8 6. a3 Bf8 7. d5 {Gurevich,M (2672)-Stocek,J (2543) EU-ch 5th
Antalya 2004 (3) 1-0}) 6. a3 Bd6 (6... Be7 {La ligne principale évite de
perdre un tempo après la poussée c4c5}) 7. c5 Be7 8. Nf4 (8. b4 b6 (8... c6))
8... b6 (8... c6) 9. b4 a5 (9... c6 10. Nd3 a5 11. Bd2 {Aronian,L (2693)
-Jakovenko,D (2608) EU-ch 6th Warsaw 2005 (9) 1/2-1/2}) 10. Rb1 {86} (10. Bb2
c6 11. Be2 Nbd7 12. O-O Ba6 $11 {Caruana,F (2767)-Palac,M (2593) ITA-chT
Arvier 2012 (1) 1/2-1/2}) (10. Bd2 c6 11. Be2 Ba6
12. Nd3 Nbd7 13. O-O Qc7 14. f3 Qb7 15. Be1 (15. e4 $143 dxe4 16. fxe4 Bxd3 17.
Bxd3 e5 $132) 15... axb4 16. axb4 {Greenfeld,A (2556)-Raznikov,D (2462) Dieren
op 2012 (3) 1/2-1/2}) 10... c6 {90} 11. Be2 Nbd7 (11... Ba6 {Semble plus
logique après avoir attendu la sortie Be2} 12. Bxa6 Rxa6 $11) 12. O-O $146 (
12. Nd3 Ba6 13. O-O {Dubov,D (2569)-Bocharov,D (2600) RUS-ch Higher League
65th 2012 (9) 1-0}) 12... Qc7 13. Bd2 {67} axb4 {85} (13... bxc5 14. bxc5 Ba6)
14. axb4 bxc5 15. bxc5 Ba6 $11 16. Bxa6 Rxa6 17. Nd3 (17. Qe2 Rfa8) 17... e5 {
75} 18. Rb3 Raa8 (18... Rfa8 19. Nb4 R6a7) 19. Nb4 Rfe8 20.
Qc2 Bd8 $1 {[%cal Gc7c8,Gd8a5] Un plan astucieux pour activer le B et si
nécessaire, l'échanger.} 21. h3 Qc8 22. Rfb1 $32 Ba5 23. R3b2
exd4 24. exd4 Bxb4 (24... Ne4 $132) 25. Rxb4 Ne4 $132 26. Bf4 (26. Be3) 26...
Nxc3 (26... Ndf6 27. Rb7 Nxc3 28. Qxc3 Ne4 29. Qf3) 27. Qxc3 Nf8 (27... Nf6 28. Be5 Ne4 (28... Qf5)) 28.
Qg3 Qf5 (28... Ne6 29. Be5 $14 ) (28... Ng6) 29. Kh2 Qg6 30.
Qf3 (30. Rb6 Qxg3+ 31. Kxg3 Rec8 32. Rb7 Ne6 33. Be3 Ra4 34.
Re7 Nxd4 35. Bxd4 Rxd4 36. Rbb7 Rf8 37. Rbc7 $16) 30... Qf6 31. Qg3 {Répète les coups pour gagner du temps avec l'incrément et tester
les intentions de l'adversaire} Qg6 {Sans surprise, les Noirs répètent les
coups en espérant la nulle mais les Blancs n'ont aucune raison de répéter
03 fois la position.} 32. Rb6 Ne6 33. Be3 Qxg3+ $6 34. Kxg3 $14 Rec8 35. R1b4 h5 36. h4 Kh7 37. Kf3 Kg6 38. Rb7 Nc7 39. R4b6 Nb5 40. Rd7
Ra4 $2 (40... Ra7 41. Rbb7 Rxb7 42. Rxb7 $11) (40... f6) 41. Rxd5 f6 42. Rd7
Nc3 43. Rbb7 Rg8 44. Rbc7 Ra6 45. Rd6 1-0

[Event "Sautron op 15th"]
[Site "Sautron"]
[Date "2015.10.24"]
[Round "3.1"]
[White "Swayams, Mishra"]
[Black "Le Roux, Jean Pierre"]
[Result "1/2-1/2"]
[ECO "E46"]
[WhiteElo "2444"]
[BlackElo "2572"]
[Annotator "Primel,D"]
[PlyCount "117"]
[EventDate "2015.10.24"]
[EventType "swiss"]
[EventRounds "9"]
[EventCountry "FRA"]
[SourceTitle "CBM 169 Extra"]
[Source "ChessBase"]
[SourceDate "2015.12.18"]
[SourceVersion "1"]
[SourceVersionDate "2015.12.18"]
[SourceQuality "1"]
[TimeControl "40/5400+30:1800+30"]
[WhiteClock "0:03:06"]
[BlackClock "0:00:59"]

1. d4 Nf6 2. c4 e6 3. Nc3 Bb4 4. e3 O-O (4... c5) (4... d5) (4... b6) 5. Nge2 c6 $5 {
[%emt 0:00:09] Une ligne secondaire devenue assez populaire récemment,
l'idée est d'éviter l'échange du B en gardant une case de repli en "c7" où
il visera la case "h2"} (5... d5 6. a3 Bd6 7. c5 Be7 8. b4 b6 9. Bb2 a5 10. Nf4
axb4 11. axb4 Rxa1 12. Qxa1 Nc6 13. Nd3 bxc5 14. bxc5 Ne4 15. Be2 Bd7 16. f3
Nxc3 17. Bxc3 Qa8 18. Kd2 Rb8 19. Qxa8 Rxa8 20. Ra1 Rxa1 21. Bxa1 Kf8 22. Bc3
Ke8 23. g4 g6 24. f4 h6 25. h3 Bf6 26. Bf3 Bc8 27. Bd1 Bd7 28. Ne1 Na7 29. Ba5
Bd8 30. Nf3 Bb5 31. Bc3 Nc6 32. Ke1 Nb8 33. Bc2 Nd7 34. Ba5 Nf6 35. g5 {
So,W (2779)-Topalov,V (2816) Saint Louis 2015 1/2-1/2}) 6. a3 Ba5 7. Ng3 {[%emt 0:04:03] Le plan des Noirs est assez lent
mais il est contrebalancé par cette perte de temps des Blancs indispensable
pour terminer le développement} (7. b4 $5 Bc7 8. e4 d6 (8... d5 9. e5 Ne8 (
9... Nfd7) 10. Ng3 f6 $13 {Tomashevsky,E (2699)-Zvjaginsev,V (2676) RUS-ch
63rd Moscow 2010 (3) 1/2}) 9. Ng3 a5 10. Rb1 axb4 11. axb4 e5 12. d5 Bb6 $132 {
Romanov,E (2611)-Efimenko,Z (2689) EU-Cup 28th Eilat 2012 (7.5) 0-1}) 7... d5 8. Be2 (8. Qc2) (8. Bd3) 8... Nbd7 (8... c5 $5 9. dxc5 Bxc3+ 10. bxc3 Nbd7 {Aagaard,J (2506)-Hera,I (2568)
SCO-ch 119th 2012 (5) 1/2}) 9. O-O dxc4 (9...
e5 $6 10. cxd5 cxd5 11. dxe5 $14 ) 10. Bxc4 e5
$132 {[%emt 0:00:09] Une partie à haut niveau avait été jouée la semaine
précédente qui a peut-être inspirée le choix du breton.} 11. Ba2 Bc7 12. d5 $5 $146 (12. Qc2 Re8 13. dxe5 Nxe5 14. Bd2 Qd3 15. Rac1 Qxc2 16. Rxc2 Be6 17. Bxe6 Rxe6
18. Nf5 {1/2-1/2 (18) Anand,V (2803)-Gajewski,G (2654) Berlin 2015}) 12... cxd5 13. Nxd5 Nxd5 14. Qxd5 Nf6 15. Qxd8 Rxd8 16. e4 $1 {[%emt 0:00:06][%cal Gc1g5] Les Noirs ont des petits
problèmes pour terminer le développement de l'aile-dame et la position
Blanche est trés saine.} Bb6 (16... h6 $5 {Peut-être un
moindre mal} 17. Be3 Ng4 18. Bc5 b6 19. Bd5 (19. Bb4 Ba6 20. Rfd1 Rac8) 19...
Ba6) (16... Bd7 $143 17. Bg5 $14) 17. Bg5 Rd6 18. Rac1 $32 Be6 19. Bxe6 {[%emt 0:29:52]
Joué après une longue réflexion} Rxe6 20. Bxf6 Rxf6 21. Nf5 Rd8 22. Rfd1 Rxd1+ 23. Rxd1 g6 24. Rd6 $8 Rxd6 25. Nxd6 Bd4 26. b4 (26. b3
$2 Bc5) 26... Bb2 27. Nc4 Bd4 {[%emt 0:00:36]
(=)} 28. Nd6 {[%emt 0:11:14] Avec une position ouverte et des P sur les deux
ailes, il est logique de vouloir continuer avec le B contre le N} Bb2 $1 29. a4 (29. Nc4) 29... Ba3 30. Nxb7 Bxb4 31. Kf1 Kf8 32. Ke2 Ke7 33. Kd3 Kd7 34. Kc4 Be1 35. Nc5+ Kd6 36. Nd3 Bd2 37. Kb5 Bc3 38. Ka6 Bd4 39. Kb7 (39. a5)
39... Bb6 40. f3 f5 41. Nb4 fxe4 42. fxe4 Be3 43. Nd5 (43. Nc6) 43... Bg1 44. a5 Kc5 45. a6 $1 Kc4 46. Nf6 Kd3 47. g4 h5 48. gxh5 gxh5 49.
h4 Bf2 50. Kb8 Bxh4 51. Nxh5 $11 {[%emt 0:01:17] Après la liquidation de
l'aile-roi, les Noirs tiennent la nulle. Au surplus, il s'agissait de la ronde
du matin et il vallait mieux s'économiser.} Kxe4 52. Kxa7 Bf2+ 53. Kb7 Kf3 54. Nf6 e4 55. Nd5 e3 56. a7 e2 57. a8=Q e1=Q 58. Qf8+ Kg2 59. Qg8+ 1/2-1/2